 Dungeon Crawl Stone Soup version 0.25-a0-100-g33052ce (webtiles) character file.

Game seed: 357867866937949466, levelgen mode: deterministic

947 Dorkslayer the Slasher (level 8, -12/54 HPs)
             Began as an Octopode Fighter on Nov 14, 2019.
             Mangled by an ogre
             ... wielding a +0 giant spiked club
              (28 damage)
             ... on level 4 of the Dungeon.
             The game lasted 00:15:28 (3794 turns).

Dorkslayer the Slasher (Octopode Fighter)           Turns: 3794, Time: 00:15:29

Health: -12/54     AC:  1    Str: 18    XL:     8   Next: 13%
Magic:  10/10      EV: 13    Int: 10    God:
Gold:   241        SH:  9    Dex: 13    Spells: 7/7 levels left

rFire    + . .     SeeInvis .   a - +0 long sword
rCold    . . .     Gourm    .   b - +0 shield
rNeg     . . .     Faith    .   (helmet restricted)
rPois    .         Spirit   .   (no amulet)
rElec    .         Reflect  .   e - ring of protection from fire
rCorr    .         Harm     .   x - +2 ring of dexterity
MR       .....                  (no ring)
Stlth    ++++......             (no ring)
HPRegen  0.18/turn              (no ring)
MPRegen  0.12/turn              (no ring)
                                (no ring)
                                (no ring)

@: no status effects
A: almost no armour, stealthy swim, amphibious, 8 rings, constrict 8, camouflage
1, gelatinous body 1
a: no special abilities


You were on level 4 of the Dungeon.
You were not hungry.

You visited 1 branch of the dungeon, and saw 4 of its levels.
You also visited: Sewer.

You collected 241 gold pieces.

Inventory:

Hand Weapons
 a - a +0 long sword (weapon)
Missiles
 f - 9 boomerangs
 j - 16 poisoned darts (quivered)
Armour
 b - a +0 shield (worn)
 l - a +0 large shield
Jewellery
 e - a ring of protection from fire (left tentacle)
 x - a +2 ring of dexterity (right tentacle)
Wands
 c - a wand of enslavement (7)
 p - a wand of flame (15)
Scrolls
 g - 2 scrolls of enchant armour {unknown}
 k - 3 scrolls of identify {unknown}
 m - 2 scrolls of remove curse {unknown}
 n - 2 scrolls of immolation
 o - a scroll of magic mapping
 q - a scroll of fog {unknown}
 t - 2 scrolls of enchant weapon {unknown}
 u - a scroll of teleportation {unknown}
 w - a scroll of noise {unknown}
Potions
 h - 3 potions of heal wounds {unknown}
 i - a potion of curing {unknown}
 r - 3 potions of flight
 s - a potion of brilliance {unknown}
 z - a potion of berserk rage {unknown}
Comestibles
 d - 7 rations
 v - 8 chunks of flesh


   Skills:
 + Level 4.3 Fighting
 + Level 5.0 Long Blades
 + Level 1.8 Throwing
 + Level 4.5 Dodging
 + Level 4.5 Stealth
 + Level 4.2 Shields
 * Level 3.6 Evocations


You had 7 spell levels left.
You didn't know any spells.
Your spell library was empty.

Dungeon Overview and Level Annotations

Branches:
Dungeon (4/15)              Sewer (visited)
 Temple: D:4-7

Altars:
Ashenzari
Makhleb
Sif Muna


Innate Abilities, Weirdness & Mutations

You cannot wear most types of armour.
You are very stealthy in the water. (Stealth+)
You are amphibious.
You can wear up to eight rings at the same time.
You can use your tentacles to constrict eight enemies at once.
Your skin changes colour to match your surroundings (Stealth+).
Your rubbery body absorbs attacks. (AC +1, EV +1)


Message History

You throw a poisoned dart. The poisoned dart hits the ogre.
The ogre is lightly wounded.
Throwing (i - inventory. (/) - cycle)
j - 17 poisoned darts (quivered)
Press: ? - help, Shift-Dir - straight line, f/p - ogre
Aim: an ogre, wielding a +0 giant spiked club (moderately wounded, poisoned)
You throw a poisoned dart. The poisoned dart hits the ogre.
The ogre looks even sicker.
The ogre is moderately wounded.
You hit the ogre but do no damage.
The ogre is heavily wounded.
The ogre hits you with a +0 giant spiked club!!
* * * LOW HITPOINT WARNING * * *
You barely miss the ogre.
The ogre is heavily wounded.
The ogre barely misses you.
You hit the ogre.
The ogre is severely wounded.
The ogre hits you with a +0 giant spiked club!!
Ouch! That really hurt!
You die...

#### ##..# ###### ###...#
##....# #.....#
#.....####....####
##.....#.#...[.#.###
##.##......†.......
#....###...........
#.@#..####......... ******
##O##.##........... *,,*,*
##Z.......###..... *,,,,**
#..........#...#..
**,,,,***##..<..##.....##..
**,,,**,*##.......((..#...
*,,,,,#..........#..((#...
**,,,.....................
*,,,?................##,.


You could see an ogre and a jackal skeleton.

Vanquished Creatures
  Grinder (Sewer)
  Menkaure (D:4)
  A big kobold (Sewer)
  A bullfrog (D:2)
  A scorpion (D:4)
  2 worker ants
  A quasit (Sewer)
  A hound (D:4)
  Terence (D:3)
  An orc wizard (D:3)
  3 big kobold zombies (Sewer)
  6 adders
  2 shadow imps (Sewer)
  An ooze (D:2)
  3 ufetubi (Sewer)
  2 worms
  A dart slug (D:2)
  8 leopard geckos
  6 orcs
  4 ball pythons (Sewer)
  5 bats
  6 giant cockroaches
  8 goblins
  8 hobgoblins
  10 jackals
  18 kobolds
  3 quokkas
  4 frilled lizards
  A giant cockroach zombie (Sewer)
  8 rats
118 creatures vanquished.

Vanquished Creatures (collateral kills)
  A quasit (Sewer)
  A kobold (Sewer)
  A kobold zombie (Sewer)
3 creatures vanquished.

Vanquished Creatures (others)
  A bullfrog (D:2)
  A kobold (Sewer)
  An ooze (Sewer)
  2 orcs (D:3)
5 creatures vanquished.

Grand Total: 126 creatures vanquished

Notes
Turn   | Place    | Note
-------+----------+-------------------------------------------
     0 | D:1      | Dorkslayer the Octopode Fighter began the quest for the
                  | Orb.
     0 | D:1      | Reached XP level 1. HP: 16/16 MP: 1/1
   216 | D:1      | Reached XP level 2. HP: 20/21 MP: 2/2
   994 | D:2      | Found a transporter.
   998 | D:2      | Found a transporter.
   998 | D:2      | Noticed a bullfrog
  1002 | D:2      | Noticed a bullfrog
  1003 | D:2      | Found a burning altar of Makhleb.
  1005 | D:2      | Reached XP level 3. HP: 24/26 MP: 3/3
  1096 | D:2      | Reached skill level 1 in Stealth
  1477 | D:2      | Reached XP level 4. HP: 11/31 MP: 4/4
  1937 | D:2      | Killed a bullfrog
  1937 | D:2      | Reached skill level 3 in Long Blades
  1937 | D:2      | Reached skill level 1 in Evocations
  1937 | D:2      | Reached XP level 5. HP: 34/37 MP: 5/5
  2025 | D:3      | Noticed Terence
  2031 | D:3      | Killed Terence
  2031 | D:3      | Reached skill level 1 in Throwing
  2162 | D:3      | Reached XP level 6. HP: 43/43 MP: 7/7
  2626 | D:4      | Noticed Menkaure
  2632 | D:4      | HP: 2/43 [hound (1)]
  2633 | D:4      | Killed Menkaure
  2633 | D:4      | Reached skill level 4 in Long Blades
  2716 | D:4      | Found a glowing drain.
  2733 | Sewer    | Entered a sewer
  2737 | Sewer    | Reached XP level 7. HP: 24/48 MP: 8/8
  3013 | Sewer    | Found a burning altar of Makhleb.
  3238 | Sewer    | Noticed Grinder
  3254 | Sewer    | Killed Grinder
  3254 | Sewer    | Reached XP level 8. HP: 24/54 MP: 10/10
  3513 | D:4      | Found a shattered altar of Ashenzari.
  3603 | D:4      | Found a shimmering blue altar of Sif Muna.
  3771 | D:4      | Reached skill level 5 in Long Blades
  3794 | D:4      | Mangled by an ogre

Levels and vault maps discovered:
D:1:      dpeg_arrival_lava_temple_mockup, layout_basic, grunt_decor_fettered
D:2:      layout_rooms, gammafunk_temple_overflow_arena, minmay_statues_item
D:3:      layout_rooms, first_ration, patterned_corridor, uniq_terence
D:4:      minmay_clustersquares, layout_cave_pools,
          nicolae_overflow_crystal_walls, led_sif_pool, gup_sewer_entry_pipe,
          uniq_menkaure

Skill      XL: |  1  2  3  4  5  6  7  8 |
---------------+-------------------------+-----
Stealth        | 1 2 3 4 |  4.5
Long Blades    | 3 4 5 |  5.0
Evocations     | 1 2 3 |  3.6
Throwing       | 1 |  1.8
Fighting       | 4 |  4.3
Dodging        | 4 |  4.5
Shields        | 4 |  4.2

Action                   |  1- 3 |  4- 6 |  7- 9 || total
-------------------------+-------+-------+-------++-------
Melee: Long sword        |    57 |    73 |    78 ||   208
       Constrict         |    22 |    18 |    29 ||    69
       Tentacles         |     8 |    17 |    25 ||    50
Throw: Boomerang         |     4 |    18 |       ||    22
       Dart              |       |     8 |    10 ||    18
Evoke: Wand              |       |     3 |     1 ||     4
  Use: Potion            |     1 |     2 |     1 ||     4
       Scroll            |       |     5 |       ||     5
 Stab: Sleeping          |     4 |     5 |     2 ||    11
       Distracted        |       |       |     2 ||     2
  Eat: Chunk             |     2 |       |     2 ||     4
       Ration            |       |     1 |     1 ||     2
Armor: Skin              |     6 |     2 |     7 ||    15
Dodge: Dodged            |    12 |    48 |    65 ||   125
Block: Shield            |    17 |    40 |    43 ||   100
       Rpst.: Long sword |     5 |    18 |    17 ||    40

Table legend:
 A = Non-vault XP
 B = Vault XP
 C = Vault XP percentage of total XP
 D = Non-vault monster count
 E = Vault monster count
 F = Vault count percentage of total count
                 A         B        C        D         E       F
            +---------+---------+-------+---------+---------+-------
      Total |     386 |     968 |  71.5 |      79 |      43 |  35.2
            +---------+---------+-------+---------+---------+-------
        D:1 |      31 |       0 |   0.0 |      18 |       0 |   0.0
        D:2 |      83 |     146 |  63.8 |      21 |       2 |   8.7
        D:3 |     117 |      38 |  24.5 |      30 |       1 |   3.2
        D:4 |     155 |     182 |  54.0 |      10 |       7 |  41.2
      Sewer |       0 |     602 | 100.0 |       0 |      33 | 100.0
            +---------+---------+-------+---------+---------+-------
